 Dungeon Crawl Stone Soup version 0.19.0 (webtiles) character file.

32 Buncs the Shooter (level 3, 0/23 HPs)
             Began as a High Elf Arcane Marksman on Nov 10, 2016.
             Slain by an adder (4 damage)
             ... on level 2 of the Dungeon.
             The game lasted 00:08:06 (1261 turns).

Buncs the Shooter (High Elf Arcane Marksman)        Turns: 1261, Time: 00:08:06

Health: 0/23       AC:  2    Str: 12    XL:     3   Next: 8%
Magic:  3/6        EV: 13    Int: 16    God:
Gold:   40         SH:  0    Dex: 16    Spells: 3 memorised, 0 levels left

rFire  . . .     SeeInvis .     a - +0 shortbow
rCold  . . .     Gourm    .     e - +0 robe
rNeg   . . .     Faith    .     (shield currently unavailable)
rPois  .         Spirit   .     (no helmet)
rElec  .         Reflect  .     (no cloak)
rCorr  .         Harm     .     (no gloves)
MR     .....                    (no boots)
Stlth  +.........               (no amulet)
                                (no ring)
                                g - +2 ring of strength (curse)

@: lethally poisoned (0 -> -4), very slightly contaminated
A: no striking features
a: no special abilities


You were on level 2 of the Dungeon.
You were not hungry.

You visited 1 branch of the dungeon, and saw 2 of its levels.

You collected 40 gold pieces.

Inventory:

Hand Weapons
 a - a +0 shortbow (weapon)
Missiles
 b - 18 poisoned needles
Armour
 e - a +0 robe (worn)
Jewellery
 g - a cursed +2 ring of strength (left hand)
Scrolls
 i - a scroll of amnesia {unknown}
 j - a scroll of magic mapping {unknown}
 k - 2 scrolls of immolation {unknown}
Books
 c - a book of Debilitation

   Spells                             Type                      Level
   a - Corona                         Hexes                        1
   b - Slow                           Hexes                        2
   c - Gell's Gravitas                Hexes/Translocation          3
   d - Inner Flame                    Hexes/Fire                   3
   e - Cause Fear                     Hexes                        4
   f - Leda's Liquefaction            Hexes/Earth                  4
 h - a book of Minor Magic

   Spells                             Type                      Level
   a - Magic Dart                     Conjuration                  1
   b - Blink                          Translocation                2
   c - Call Imp                       Summoning                    2
   d - Repel Missiles                 Charms/Air                   2
   e - Slow                           Hexes                        2
   f - Conjure Flame                  Conjuration/Fire             3
   g - Mephitic Cloud                 Conjuration/Poison/Air       3
 n - a book of Maledictions

   Spells                             Type                      Level
   a - Corona                         Hexes                        1
   b - Ensorcelled Hibernation        Hexes/Ice                    2
   c - Confuse                        Hexes                        3
   d - Tukima's Dance                 Hexes                        3
   e - Dazzling Spray                 Conjuration/Hexes            3
Comestibles
 f - a bread ration
 l - a beef jerky


   Skills:
 + Level 1.4 Fighting
 * Level 3.3 Bows
 + Level 2.6 Dodging
 + Level 1.8 Spellcasting
 + Level 3.2 Hexes


You couldn't memorise any spells.
You knew the following spells:

 Your Spells              Type           Power        Failure   Level  Hunger
a - Corona                Hex            ##.....      8%          1    ##.....
b - Slow                  Hex            ##......     10%         2    ###....
c - Blink                 Tloc           N/A          38%         2    ###....


Dungeon Overview and Level Annotations

Branches:
Dungeon (2/15)

Altars:


Message History

You blink.
Wield which item (- for none, * to show all)? (? for menu, Esc to quit)
You are already wielding that!
Really attack while wielding your +0 shortbow?
You closely miss the adder. The adder closely misses you.
You clumsily bash the adder but do no damage.
The adder bites you.
You are poisoned.
The adder poisons you! The adder bites you but does no damage.
The leopard gecko misses you.
You barely miss the leopard gecko.
You feel sick. The adder bites you. The leopard gecko closely misses you.
The adder barely misses you. The leopard gecko misses you.
You closely miss the adder.
You feel sick. The adder bites you. The leopard gecko bites you.
The adder misses you. The leopard gecko bites you.
* * * LOW HITPOINT WARNING * * *
You clumsily bash the leopard gecko but do no damage.
* * * LOW HITPOINT WARNING * * *
You feel sick. The adder bites you.
You die...

#.# #...# ########### #.# #...#
#.........# #.# #...# #.......#.#
#.# #####...##### ##...<..<#.#
#.####...........## ##......)#.#
#.....l...........(
##.<(....#.####..###...........##
##.........##..lS...####...#####
##.......####.#.@##.# #...#
#######.#####.#.(##.# #...# #
#..........##.# #...# #
#########.#.###.# ##.## #..
..#.#.###.# #.# #.# #.#.......#
###.# # #.#####.#.#.###.###...##
#####.##......(............######
.........##.#.##.##.##...........


You could see an adder and a leopard gecko.

Vanquished Creatures
  An adder (D:1)
  An ooze (D:2)
  A leopard gecko (D:1)
  5 bats
  A goblin (D:1)
  3 hobgoblins
  3 kobolds (D:1)
  A frilled lizard (D:1)
  3 rats
19 creatures vanquished.

Notes
Turn   | Place    | Note
-------+----------+-------------------------------------------
     0 | D:1      | Buncs the High Elf Arcane Marksman began the quest for the Orb.
     0 | D:1      | Reached XP level 1. HP: 13/13 MP: 3/3
   413 | D:1      | Reached XP level 2. HP: 18/18 MP: 4/4
   853 | D:2      | Learned a level 2 spell: Slow
   975 | D:2      | Reached XP level 3. HP: 15/23 MP: 6/6
  1184 | D:2      | Learned a level 2 spell: Blink
  1261 | D:2      | Slain by an adder

Skill      XL: |  1 |
---------------+----+-----
Bows           | 3 |  3.3
Fighting       | |  1.4
Dodging        | |  2.6
Spellcasting   | |  1.8
Hexes          | |  3.2

Action                   || total
-------------------------++-------
Melee: Shortbow          ||     5
 Fire: Shortbow          ||    57
 Cast: Blink             ||     1
  Use: Scroll            ||     3
       Potion            ||     1
  Eat: Beef jerky        ||     1
Armor: Robe              ||    17
Dodge: Dodged            ||    32
